[ AOE2 MATCH · #464135714 ]
Team RMTatars vs Tatars
[ REPLAY ANALYSIS · EXTRACTED FROM THE RECORDED GAME ]
Feudal
—
Castle
—
Imperial
—
| APM avg | 96.4 |
| APM peak | 76 |
| eAPM avg | 21.6 |
| Villagers / military | 5 / 0 |
Focus
⚔️ 0.0% · 🌾 100.0%
Feudal
—
Castle
—
Imperial
—
| APM avg | 46.9 |
| APM peak | 37 |
| eAPM avg | 25.4 |
| Villagers / military | 4 / 0 |
Focus
⚔️ 0.0% · 🌾 100.0%
Feudal
—
Castle
—
Imperial
—
| APM avg | 53.3 |
| APM peak | 42 |
| eAPM avg | 17.8 |
| Villagers / military | 4 / 0 |
Focus
⚔️ 0.0% · 🌾 100.0%
Feudal
—
Castle
—
Imperial
—
| APM avg | 63.4 |
| APM peak | 50 |
| eAPM avg | 15.2 |
| Villagers / military | 6 / 0 |
Focus
⚔️ 0.0% · 🌾 100.0%
Feudal
—
Castle
—
Imperial
—
| APM avg | 63.4 |
| APM peak | 50 |
| eAPM avg | 20.3 |
| Villagers / military | 4 / 0 |
Focus
⚔️ 0.0% · 🌾 100.0%
Feudal
—
Castle
—
Imperial
—
| APM avg | 86.3 |
| APM peak | 68 |
| eAPM avg | 19.0 |
| Villagers / military | 7 / 0 |
Focus
⚔️ 0.0% · 🌾 100.0%
Feudal
—
Castle
—
Imperial
—
| APM avg | 55.8 |
| APM peak | 44 |
| eAPM avg | 12.7 |
| Villagers / military | 12 / 0 |
Focus
⚔️ 0.0% · 🌾 100.0%
Feudal
—
Castle
—
Imperial
—
| APM avg | 81.2 |
| APM peak | 64 |
| eAPM avg | 22.8 |
| Villagers / military | 4 / 0 |
Focus
⚔️ 0.0% · 🌾 100.0%
Match map
Resources at game start + every placement click. Thick line = wall · dashed box = detected house wall. 🟡 gold · ⚪ stone · 🟢 berries · 🔶 boar · ⭕ relic
Inputs per minute
— kampert - - タタールが村に入った
Build order — kampert
7 actions detected in the replay
| 0:02 | Create | Villager (Male) |
| 0:02 | Create | Villager (Male) |
| 0:03 | Build | House |
| 0:05 | Build | House |
| 0:08 | Create | Villager (Male) |
| 0:09 | Create | Villager (Male) |
| 0:09 | Create | Villager (Male) |
Build order — タタールが村に入った
6 actions detected in the replay
| 0:06 | Create | Villager (Male) |
| 0:06 | Create | Villager (Male) |
| 0:07 | Create | Villager (Male) |
| 0:07 | Create | Villager (Male) |
| 0:08 | Build | House |
| 0:12 | Build | House |
Build order — Togawa Sakiko's Camel
6 actions detected in the replay
| 0:01 | Create | Villager (Male) |
| 0:02 | Create | Villager (Male) |
| 0:03 | Build | House |
| 0:04 | Build | House |
| 0:30 | Create | Villager (Male) |
| 0:38 | Create | Villager (Male) |
Build order — pauito79_ator
6 actions detected in the replay
| 0:01 | Create | Villager (Male) |
| 0:01 | Create | Villager (Male) |
| 0:04 | Build | House |
| 0:08 | Build | House |
| 0:35 | Create | Villager (Male) ×2 |
| 0:35 | Create | Villager (Male) ×2 |
Build order — enfeig
6 actions detected in the replay
| 0:05 | Create | Villager (Male) |
| 0:05 | Create | Villager (Male) |
| 0:06 | Create | Villager (Male) |
| 0:07 | Build | House |
| 0:08 | Build | House |
| 0:13 | Create | Villager (Male) |
Build order — AutoCAD
5 actions detected in the replay
| 0:04 | Create | Villager (Male) |
| 0:04 | Create | Villager (Male) ×3 |
| 0:05 | Create | Villager (Male) ×3 |
| 0:06 | Build | House |
| 0:07 | Build | House |
Build order — Ypsilon
5 actions detected in the replay
| 0:02 | Create | Villager (Male) ×4 |
| 0:03 | Create | Villager (Male) ×4 |
| 0:03 | Create | Villager (Male) ×4 |
| 0:04 | Build | House |
| 0:05 | Build | House |
Build order — VoodooCowboy
6 actions detected in the replay
| 0:01 | Create | Villager (Male) |
| 0:02 | Create | Villager (Male) |
| 0:02 | Create | Villager (Male) |
| 0:02 | Create | Villager (Male) |
| 0:03 | Build | House |
| 0:05 | Build | House |
Match timeline
| 0:39 | タタールが村に入った · resign |
[ AI ANALYSIS · 1 CREDIT ]
What really happened in this match?
Wolo.gg analyzes every decision: build order, eco, micro, common mistakes by bracket. Personalized analysis on WhatsApp or Discord in 30 seconds.
Civ guide
Tatars
Map guide
Arena
Perfil
kampert